[ AOE2 MATCH · #470250057 ]
UnrankedKhmer vs Britons
[ REPLAY ANALYSIS · EXTRACTED FROM THE RECORDED GAME ]
Feudal
13:10
Castle
16:40
Imperial
32:14
| APM avg | 27.2 |
| APM peak | 61 |
| eAPM avg | 16.3 |
| Villagers / military | 109 / 88 |
Focus
⚔️ 26.3% · 🌾 73.7%
Battle Elephant ×75 · Ballista Elephant ×9 · Trebuchet (Packed) ×3 · Knight ×1
Feudal
—
Castle
—
Imperial
—
| APM avg | 15.2 |
| APM peak | 44 |
| eAPM avg | 13.4 |
| Villagers / military | 105 / 117 |
Focus
⚔️ 29.2% · 🌾 70.8%
Skirmisher ×43 · Longbowman ×34 · Archer ×17 · Spearman ×11 · Mangonel ×5 · Scorpion ×4
Feudal
13:05
Castle
16:43
Imperial
20:46
| APM avg | 34.7 |
| APM peak | 82 |
| eAPM avg | 14.1 |
| Villagers / military | 69 / 108 |
Focus
⚔️ 33.3% · 🌾 66.7%
Hand Cannoneer ×90 · Bombard Cannon ×12 · Cavalry Archer ×5 · Spearman ×1
Feudal
9:57
Castle
17:49
Imperial
31:55
| APM avg | 20.0 |
| APM peak | 75 |
| eAPM avg | 10.2 |
| Villagers / military | 61 / 55 |
Focus
⚔️ 29.5% · 🌾 70.5%
Mameluke ×47 · Trebuchet (Packed) ×5 · Monk ×2 · Mangonel ×1
Feudal
12:29
Castle
17:28
Imperial
33:05
| APM avg | 17.7 |
| APM peak | 83 |
| eAPM avg | 11.5 |
| Villagers / military | 119 / 121 |
Focus
⚔️ 21.8% · 🌾 78.2%
Knight ×93 · Scout Cavalry ×25 · Trebuchet (Packed) ×2 · Monk ×1
Feudal
—
Castle
—
Imperial
—
| APM avg | 23.4 |
| APM peak | 146 |
| eAPM avg | 22.5 |
| Villagers / military | 91 / 25 |
Focus
⚔️ 7.7% · 🌾 92.3%
Konnik ×25
Feudal
15:34
Castle
19:59
Imperial
36:11
| APM avg | 13.3 |
| APM peak | 67 |
| eAPM avg | 11.0 |
| Villagers / military | 84 / 40 |
Focus
⚔️ 16.3% · 🌾 83.7%
Janissary ×40
Feudal
11:17
Castle
15:40
Imperial
37:37
| APM avg | 21.5 |
| APM peak | 52 |
| eAPM avg | 13.3 |
| Villagers / military | 147 / 32 |
Focus
⚔️ 15.5% · 🌾 84.5%
War Wagon ×32
Match map
Initial resources + every placement click. Lines = walls · curves = elevation contours. ◆ gold · ⬟ stone · ● berries · ✦ relic · ◌ wall gap
Your base· ✓ Closed at 16:40 · 0t walls · 2 gate(s)
ColonelPacha's base· ✓ Closed at 19:41 · 0t walls · 2 gate(s)
Wall Stoned's base· ✓ Closed at 16:43 · 0t walls · 2 gate(s)
吼哩嘎在's base· ✓ Closed at 17:49 · 0t walls · 2 gate(s)
Jodonell's base· ✓ Closed at 17:28 · 0t walls · 2 gate(s)
ll CrlTlCaL II's base· ✓ Closed at 18:41 · 28t walls · 4 gate(s)
QWE's base· ✓ Closed at 19:59 · 0t walls · 2 gate(s)
† lexs †'s base· ✓ Closed at 15:40 · 0t walls · 2 gate(s)
Smoothed initial terrain · ◌ = detected wall gap · hover for details
Inputs per minute
— lajamba - - ColonelPacha
Build order — lajamba
First 150 of 374 actions detected
| 0:01 | Create | Villager (Male) |
| 0:02 | Create | Villager (Male) |
| 0:04 | Build | House |
| 0:05 | Build | House |
| 0:45 | Create | Villager (Male) |
| 0:46 | Create | Villager (Male) |
| 1:39 | Create | Villager (Male) |
| 1:48 | Build | Lumber Camp |
| 2:09 | Create | Villager (Male) |
| 2:34 | Create | Villager (Male) |
| 2:44 | Create | Villager (Male) |
| 3:19 | Create | Villager (Male) |
| 3:52 | Build | House |
| 4:06 | Create | Villager (Male) |
| 4:20 | Build | Mill |
| 4:33 | Create | Villager (Male) |
| 5:03 | Create | Villager (Male) |
| 5:12 | Create | Villager (Male) |
| 5:30 | Create | Villager (Male) |
| 6:25 | Create | Villager (Male) |
| 6:26 | Create | Villager (Male) |
| 6:26 | Create | Villager (Male) |
| 6:31 | Build | House |
| 6:33 | Build | House |
| 6:47 | Create | Villager (Male) |
| 6:48 | Create | Villager (Male) |
| 6:59 | Build | Lumber Camp |
| 7:48 | Create | Villager (Male) |
| 7:49 | Create | Villager (Male) |
| 7:50 | Create | Villager (Male) |
| 7:52 | Create | Villager (Male) |
| 8:22 | Create | Villager (Male) |
| 8:23 | Create | Villager (Male) |
| 8:37 | Build | Mining Camp |
| 9:22 | Build | Farm |
| 9:25 | Build | Farm |
| 9:47 | Research | Feudal Age |
| 10:24 | Build | Mining Camp |
| 10:51 | Build | House |
| 11:34 | Build | Farm |
| 11:52 | Build | Farm |
| 12:29 | Create | Villager (Male) |
| 12:29 | Create | Villager (Male) |
| 12:38 | Build | Farm |
| 12:50 | Build | Farm |
| 13:10 | Age | Feudal Age |
| 13:17 | Build | Market |
| 13:21 | Build | Blacksmith |
| 13:44 | Research | Castle Age |
| 14:03 | Build | Farm |
| 14:03 | Build | Farm |
| 14:04 | Build | Farm |
| 14:15 | Build | Farm |
| 14:17 | Build | Farm |
| 14:22 | Build | Farm |
| 14:26 | Build | Farm |
| 14:35 | Research | Double-Bit Axe |
| 15:07 | Research | Horse Collar |
| 15:18 | Build | House |
| 15:27 | Research | Wheelbarrow |
| 16:15 | Create | Villager (Male) |
| 16:40 | Age | Castle Age |
| 16:44 | Build | Town Center |
| 16:50 | Research | Bow Saw |
| 16:51 | Research | Loom |
| 16:53 | Create | Villager (Male) |
| 17:49 | Build | Town Center |
| 17:52 | Create | Villager (Male) |
| 17:52 | Create | Villager (Male) |
| 17:53 | Create | Villager (Male) |
| 18:21 | Build | Farm |
| 18:34 | Create | Villager (Male) |
| 18:35 | Create | Villager (Male) |
| 18:35 | Create | Villager (Male) |
| 18:36 | Create | Villager (Male) |
| 18:37 | Create | Villager (Male) |
| 18:37 | Create | Villager (Male) |
| 18:39 | Create | Villager (Male) |
| 18:41 | Create | Villager (Male) |
| 19:21 | Create | Villager (Male) |
| 19:21 | Create | Villager (Male) |
| 19:39 | Build | Farm |
| 19:39 | Build | Farm |
| 19:39 | Build | Farm |
| 19:39 | Build | Farm |
| 19:40 | Build | Farm |
| 19:50 | Research | Heavy Plow |
| 19:51 | Create | Villager (Male) |
| 19:52 | Create | Villager (Male) |
| 20:04 | Create | Villager (Male) |
| 20:38 | Create | Villager (Male) |
| 20:38 | Create | Villager (Male) |
| 20:42 | Research | Scale Barding Armor |
| 21:01 | Build | Barracks |
| 21:05 | Build | Stable |
| 21:11 | Create | Villager (Male) |
| 21:11 | Create | Villager (Male) |
| 21:12 | Create | Villager (Male) |
| 21:22 | Build | House |
| 21:23 | Build | House |
| 21:24 | Build | House |
| 21:29 | Build | House |
| 21:35 | Create | Villager (Male) |
| 21:35 | Create | Villager (Male) |
| 21:38 | Build | Farm |
| 21:38 | Build | Farm |
| 21:38 | Build | Farm |
| 21:39 | Build | Farm |
| 21:39 | Build | Farm |
| 21:55 | Build | Farm |
| 22:03 | Create | Villager (Male) |
| 22:04 | Create | Villager (Male) |
| 22:09 | Create | Villager (Male) |
| 22:40 | Build | Castle |
| 22:44 | Research | Husbandry |
| 22:46 | Create | Battle Elephant |
| 22:46 | Create | Battle Elephant |
| 22:47 | Create | Battle Elephant |
| 22:50 | Create | Villager (Male) |
| 23:03 | Build | Farm |
| 23:03 | Build | Farm |
| 23:03 | Build | Farm |
| 23:03 | Build | Farm |
| 23:04 | Build | Farm |
| 23:04 | Build | Farm |
| 23:24 | Research | Chain Barding Armor |
| 23:33 | Build | Farm |
| 23:34 | Build | Farm |
| 23:34 | Build | Farm |
| 23:38 | Build | Farm |
| 23:52 | Research | Bloodlines |
| 23:54 | Create | Knight |
| 24:01 | Create | Villager (Male) |
| 24:04 | Build | Farm |
| 24:06 | Create | Villager (Male) |
| 24:07 | Create | Villager (Male) |
| 24:10 | Create | Villager (Male) |
| 24:21 | Build | Mining Camp |
| 24:25 | Create | Ballista Elephant |
| 24:28 | Create | Villager (Male) |
| 25:07 | Create | Villager (Male) |
| 25:08 | Create | Villager (Male) |
| 25:09 | Create | Villager (Male) |
| 25:15 | Build | Stable |
| 25:20 | Create | Villager (Male) |
| 25:20 | Create | Villager (Male) |
| 25:34 | Create | Battle Elephant |
| 25:34 | Create | Battle Elephant |
| 25:39 | Create | Ballista Elephant |
| 25:39 | Create | Ballista Elephant |
Build order — ColonelPacha
First 150 of 324 actions detected
| 0:14 | Build | House |
| 0:16 | Research | Loom |
| 0:17 | Create | Villager (Male) |
| 0:17 | Create | Villager (Male) |
| 0:17 | Create | Villager (Male) |
| 0:18 | Create | Villager (Male) |
| 0:18 | Create | Villager (Male) |
| 1:04 | Build | House |
| 1:07 | Build | House |
| 1:11 | Build | House |
| 2:06 | Create | Villager (Male) |
| 2:07 | Create | Villager (Male) |
| 2:26 | Create | Villager (Male) |
| 2:55 | Build | Lumber Camp |
| 2:58 | Create | Villager (Male) |
| 2:58 | Create | Villager (Male) |
| 3:41 | Create | Villager (Male) |
| 3:41 | Create | Villager (Male) |
| 4:29 | Create | Villager (Male) |
| 4:29 | Create | Villager (Male) |
| 4:59 | Build | Mill |
| 5:03 | Create | Villager (Male) |
| 5:29 | Create | Villager (Male) |
| 6:07 | Create | Villager (Male) |
| 6:13 | Build | Mill |
| 6:32 | Create | Villager (Male) |
| 6:32 | Create | Villager (Male) |
| 7:34 | Create | Villager (Male) |
| 7:54 | Create | Villager (Male) |
| 8:19 | Build | House |
| 8:24 | Create | Villager (Male) |
| 8:42 | Create | Villager (Male) |
| 8:58 | Build | House |
| 9:17 | Create | Villager (Male) |
| 9:18 | Create | Villager (Male) |
| 9:32 | Build | Mining Camp |
| 9:38 | Build | Mining Camp |
| 10:10 | Create | Villager (Male) |
| 10:19 | Research | Feudal Age |
| 11:51 | Build | Farm |
| 11:56 | Build | Farm |
| 12:01 | Build | Farm |
| 12:15 | Create | Villager (Male) |
| 12:16 | Create | Villager (Male) |
| 12:57 | Research | Double-Bit Axe |
| 13:01 | Research | Stone Mining |
| 13:49 | Build | Lumber Camp |
| 13:54 | Create | Villager (Male) |
| 13:54 | Create | Villager (Male) |
| 14:07 | Research | Horse Collar |
| 14:18 | Research | Gold Mining |
| 14:27 | Build | House |
| 14:30 | Create | Villager (Male) |
| 14:52 | Build | Farm |
| 14:57 | Create | Villager (Male) |
| 15:13 | Build | House |
| 15:19 | Build | Farm |
| 15:23 | Create | Villager (Male) |
| 15:41 | Build | Farm |
| 15:46 | Build | House |
| 15:56 | Build | Farm |
| 15:58 | Build | Farm |
| 15:59 | Build | Farm |
| 16:01 | Build | Farm |
| 16:08 | Build | Farm |
| 16:14 | Research | Wheelbarrow |
| 16:27 | Build | Farm |
| 16:40 | Build | Market |
| 16:50 | Create | Villager (Male) |
| 16:50 | Create | Villager (Male) |
| 17:13 | Build | Farm |
| 17:33 | Create | Villager (Male) |
| 18:03 | Build | Blacksmith |
| 18:08 | Build | Farm |
| 18:29 | Build | Barracks |
| 18:33 | Build | Farm |
| 18:38 | Create | Villager (Male) |
| 18:38 | Create | Villager (Male) |
| 19:02 | Build | Farm |
| 19:08 | Build | Farm |
| 19:13 | Create | Villager (Male) |
| 19:24 | Build | Farm |
| 19:29 | Build | Archery Range |
| 19:41 | Research | Castle Age |
| 19:46 | Build | Farm |
| 20:41 | Build | House |
| 20:46 | Create | Archer |
| 20:46 | Create | Archer |
| 20:46 | Create | Archer |
| 20:50 | Create | Spearman |
| 20:51 | Create | Spearman |
| 20:51 | Create | Spearman |
| 20:57 | Research | Padded Archer Armor |
| 20:58 | Research | Fletching |
| 20:59 | Research | Forging |
| 21:10 | Build | Gate |
| 21:24 | Build | Farm |
| 21:31 | Create | Villager (Male) |
| 21:31 | Create | Villager (Male) |
| 21:53 | Create | Spearman |
| 21:55 | Create | Archer |
| 22:33 | Build | House |
| 22:36 | Build | House |
| 22:40 | Build | House |
| 22:43 | Research | Bow Saw |
| 22:44 | Research | Heavy Plow |
| 22:46 | Research | Gold Shaft Mining |
| 22:48 | Research | Bodkin Arrow |
| 23:07 | Build | Town Center |
| 23:18 | Build | University |
| 23:21 | Build | Monastery |
| 23:25 | Research | Town Watch |
| 23:26 | Create | Villager (Male) |
| 23:27 | Create | Villager (Male) |
| 23:27 | Create | Villager (Male) |
| 23:30 | Create | Archer |
| 23:31 | Create | Archer |
| 23:31 | Create | Archer |
| 23:31 | Create | Villager (Male) |
| 23:32 | Create | Villager (Male) |
| 24:06 | Build | Siege Workshop |
| 24:09 | Create | Villager (Male) |
| 24:09 | Create | Villager (Male) |
| 24:09 | Create | Villager (Male) |
| 24:09 | Create | Villager (Male) |
| 24:31 | Build | Castle |
| 24:35 | Create | Monk |
| 24:42 | Create | Villager (Male) |
| 24:43 | Create | Villager (Male) |
| 24:43 | Create | Villager (Male) |
| 24:43 | Create | Villager (Male) |
| 24:43 | Create | Villager (Male) |
| 24:54 | Build | House |
| 25:07 | Research | Elite Skirmisher (upgrade) |
| 25:07 | Create | Skirmisher |
| 25:08 | Create | Skirmisher |
| 25:08 | Create | Skirmisher |
| 25:08 | Create | Skirmisher |
| 25:13 | Build | Farm |
| 25:22 | Create | Villager (Male) |
| 25:22 | Create | Villager (Male) |
| 25:23 | Create | Villager (Male) |
| 25:35 | Build | House |
| 25:39 | Build | Farm |
| 25:42 | Research | Fortified Wall (upgrade) |
| 25:51 | Build | Town Center |
| 25:54 | Create | Villager (Male) |
| 25:54 | Create | Villager (Male) |
| 25:54 | Create | Villager (Male) |
| 26:04 | Build | Farm |
Build order — Wall Stoned
First 150 of 263 actions detected
| 0:01 | Create | Villager (Male) |
| 0:01 | Create | Villager (Male) |
| 0:02 | Create | Villager (Male) |
| 0:03 | Build | House |
| 0:06 | Build | House |
| 0:20 | Create | Villager (Male) |
| 1:32 | Create | Villager (Male) |
| 1:32 | Create | Villager (Male) |
| 2:00 | Create | Villager (Male) |
| 2:12 | Build | Lumber Camp |
| 2:24 | Create | Villager (Male) |
| 2:47 | Create | Villager (Male) |
| 3:19 | Create | Villager (Male) |
| 3:19 | Create | Villager (Male) |
| 3:36 | Build | House |
| 3:43 | Build | House |
| 3:47 | Build | House |
| 4:04 | Create | Villager (Male) |
| 4:04 | Create | Villager (Male) |
| 4:05 | Create | Villager (Male) |
| 4:05 | Create | Villager (Male) |
| 4:40 | Create | Villager (Male) |
| 4:47 | Build | Mill |
| 5:29 | Create | Villager (Male) |
| 5:55 | Create | Villager (Male) |
| 5:56 | Create | Villager (Male) |
| 6:09 | Create | Villager (Male) |
| 6:22 | Create | Villager (Male) |
| 6:22 | Create | Villager (Male) |
| 7:26 | Create | Villager (Male) |
| 7:54 | Create | Villager (Male) |
| 7:54 | Create | Villager (Male) |
| 8:41 | Create | Villager (Male) |
| 8:41 | Create | Villager (Male) |
| 8:41 | Create | Villager (Male) |
| 8:53 | Build | Mining Camp |
| 8:55 | Build | Farm |
| 8:57 | Build | Farm |
| 8:59 | Build | Farm |
| 9:10 | Build | Farm |
| 9:18 | Build | Farm |
| 9:25 | Create | Villager (Male) |
| 9:38 | Create | Villager (Male) |
| 10:38 | Research | Feudal Age |
| 10:44 | Build | Farm |
| 10:49 | Build | Farm |
| 11:27 | Build | Farm |
| 11:37 | Build | Farm |
| 12:11 | Build | Farm |
| 12:22 | Build | House |
| 12:48 | Create | Villager (Male) |
| 12:48 | Create | Villager (Male) |
| 13:05 | Age | Feudal Age |
| 13:09 | Build | Market |
| 13:17 | Build | Blacksmith |
| 13:35 | Build | Farm |
| 14:03 | Research | Castle Age |
| 14:25 | Build | House |
| 14:50 | Build | Farm |
| 14:55 | Build | Farm |
| 16:04 | Create | Villager (Male) |
| 16:04 | Create | Villager (Male) |
| 16:43 | Age | Castle Age |
| 16:46 | Build | Siege Workshop |
| 16:50 | Build | Monastery |
| 17:31 | Create | Villager (Male) |
| 17:36 | Research | Imperial Age |
| 17:56 | Build | Lumber Camp |
| 18:17 | Build | Farm |
| 19:00 | Build | Barracks |
| 19:32 | Research | Double-Bit Axe |
| 20:02 | Build | Archery Range |
| 20:10 | Create | Villager (Male) |
| 20:23 | Build | Archery Range |
| 20:39 | Build | Farm |
| 20:45 | Create | Villager (Male) |
| 20:46 | Age | Imperial Age |
| 21:03 | Create | Bombard Cannon |
| 21:17 | Build | House |
| 21:20 | Build | House |
| 21:24 | Research | Loom |
| 21:28 | Create | Hand Cannoneer |
| 21:28 | Create | Hand Cannoneer |
| 21:29 | Create | Hand Cannoneer |
| 21:51 | Create | Hand Cannoneer |
| 21:51 | Create | Hand Cannoneer |
| 21:54 | Research | Padded Archer Armor |
| 21:56 | Build | Farm |
| 21:58 | Research | Horse Collar |
| 22:08 | Create | Villager (Male) |
| 22:36 | Build | Farm |
| 22:36 | Build | Farm |
| 22:45 | Create | Bombard Cannon |
| 22:59 | Build | Mining Camp |
| 23:01 | Create | Villager (Male) |
| 23:02 | Create | Villager (Male) |
| 23:07 | Create | Hand Cannoneer |
| 23:07 | Create | Hand Cannoneer |
| 23:30 | Create | Spearman |
| 23:57 | Create | Hand Cannoneer |
| 23:58 | Create | Hand Cannoneer |
| 24:24 | Build | House |
| 24:25 | Build | House |
| 24:25 | Build | House |
| 24:25 | Build | House |
| 24:25 | Build | House |
| 24:27 | Build | House |
| 24:34 | Research | Wheelbarrow |
| 24:35 | Create | Hand Cannoneer |
| 24:36 | Create | Hand Cannoneer |
| 24:57 | Create | Hand Cannoneer |
| 24:57 | Create | Hand Cannoneer |
| 24:59 | Create | Villager (Male) |
| 24:59 | Create | Villager (Male) |
| 24:59 | Create | Villager (Male) |
| 25:34 | Create | Villager (Male) |
| 25:37 | Create | Bombard Cannon |
| 25:39 | Create | Hand Cannoneer |
| 25:39 | Create | Hand Cannoneer |
| 25:39 | Create | Hand Cannoneer |
| 26:19 | Create | Bombard Cannon |
| 26:46 | Create | Villager (Male) |
| 26:47 | Create | Villager (Male) |
| 26:50 | Create | Hand Cannoneer |
| 26:50 | Create | Hand Cannoneer |
| 26:50 | Create | Hand Cannoneer |
| 27:03 | Build | Mining Camp |
| 27:05 | Create | Villager (Male) |
| 27:18 | Create | Hand Cannoneer ×3 |
| 27:18 | Create | Hand Cannoneer |
| 27:20 | Create | Villager (Male) |
| 27:20 | Create | Villager (Male) |
| 27:29 | Build | Farm |
| 27:29 | Build | Farm |
| 28:28 | Create | Hand Cannoneer |
| 28:28 | Create | Hand Cannoneer |
| 28:28 | Create | Hand Cannoneer |
| 28:29 | Create | Hand Cannoneer |
| 28:36 | Build | Archery Range |
| 28:37 | Build | Archery Range |
| 29:17 | Create | Hand Cannoneer |
| 29:17 | Create | Hand Cannoneer |
| 29:18 | Create | Hand Cannoneer |
| 29:21 | Create | Villager (Male) |
| 29:21 | Create | Villager (Male) |
| 29:49 | Create | Cavalry Archer |
| 29:49 | Create | Hand Cannoneer |
| 29:50 | Create | Hand Cannoneer |
| 29:55 | Create | Bombard Cannon |
| 30:08 | Build | Mill |
Build order — 吼哩嘎在
First 150 of 188 actions detected
| 0:03 | Build | House |
| 0:05 | Build | House |
| 0:06 | Create | Villager (Male) |
| 0:06 | Create | Villager (Male) |
| 0:06 | Create | Villager (Male) |
| 0:07 | Create | Villager (Male) |
| 0:07 | Create | Villager (Male) |
| 0:21 | Build | House |
| 1:30 | Create | Villager (Male) |
| 2:09 | Create | Villager (Male) |
| 2:09 | Create | Villager (Male) |
| 2:28 | Create | Villager (Male) |
| 2:28 | Create | Villager (Male) |
| 2:58 | Create | Villager (Male) |
| 2:58 | Create | Villager (Male) |
| 3:24 | Create | Villager (Male) |
| 3:25 | Create | Villager (Male) |
| 3:46 | Create | Villager (Male) |
| 3:46 | Create | Villager (Male) |
| 3:47 | Create | Villager (Male) |
| 3:47 | Create | Villager (Male) |
| 3:50 | Create | Villager (Male) |
| 3:50 | Create | Villager (Male) |
| 4:50 | Create | Villager (Male) |
| 5:22 | Create | Villager (Male) |
| 5:59 | Build | Mill |
| 6:14 | Create | Villager (Male) |
| 6:14 | Create | Villager (Male) |
| 7:16 | Build | Lumber Camp |
| 7:47 | Research | Feudal Age |
| 7:48 | Research | Feudal Age |
| 9:06 | Build | Mining Camp |
| 9:10 | Create | Villager (Male) |
| 9:10 | Create | Villager (Male) |
| 9:11 | Create | Villager (Male) |
| 9:11 | Create | Villager (Male) |
| 9:15 | Build | House |
| 9:19 | Build | House |
| 9:21 | Build | House |
| 9:57 | Age | Feudal Age |
| 10:27 | Research | Gold Mining |
| 10:53 | Create | Villager (Male) |
| 10:59 | Research | Double-Bit Axe |
| 11:59 | Create | Villager (Male) |
| 12:00 | Create | Villager (Male) |
| 12:24 | Build | Market |
| 12:32 | Build | Blacksmith |
| 12:37 | Create | Villager (Male) |
| 15:09 | Research | Castle Age |
| 16:31 | Create | Villager (Male) |
| 16:31 | Create | Villager (Male) |
| 17:49 | Age | Castle Age |
| 18:12 | Build | Mining Camp |
| 19:15 | Build | Castle |
| 19:28 | Build | Castle |
| 21:00 | Build | Farm |
| 21:01 | Build | Farm |
| 21:01 | Build | Farm |
| 21:01 | Build | Farm |
| 21:01 | Build | Farm |
| 21:02 | Build | Farm |
| 21:02 | Build | Farm |
| 21:02 | Build | Farm |
| 21:02 | Build | Farm |
| 21:03 | Build | Farm |
| 21:05 | Create | Villager (Male) |
| 21:05 | Create | Villager (Male) |
| 21:05 | Create | Villager (Male) |
| 21:06 | Create | Villager (Male) |
| 21:06 | Create | Villager (Male) |
| 21:15 | Build | Monastery |
| 21:32 | Create | Mameluke |
| 21:32 | Create | Mameluke |
| 21:33 | Create | Mameluke |
| 21:33 | Create | Mameluke |
| 21:33 | Create | Mameluke |
| 21:40 | Create | Monk |
| 21:59 | Build | Siege Workshop |
| 22:22 | Create | Mameluke |
| 22:28 | Build | Farm |
| 22:29 | Build | Farm |
| 22:29 | Build | Farm |
| 22:34 | Create | Villager (Male) |
| 22:35 | Create | Villager (Male) |
| 22:42 | Create | Villager (Male) |
| 22:43 | Create | Villager (Male) |
| 22:43 | Create | Villager (Male) |
| 23:02 | Create | Mameluke |
| 23:03 | Create | Mameluke |
| 24:07 | Research | Fervor |
| 24:20 | Build | Town Center |
| 24:23 | Create | Villager (Male) |
| 24:24 | Create | Villager (Male) |
| 24:24 | Create | Villager (Male) |
| 24:24 | Create | Villager (Male) |
| 24:25 | Create | Villager (Male) |
| 24:25 | Create | Villager (Male) |
| 24:25 | Create | Villager (Male) |
| 24:25 | Create | Villager (Male) |
| 24:42 | Build | Mill |
| 25:02 | Create | Monk |
| 25:20 | Create | Mameluke |
| 25:20 | Create | Mameluke |
| 25:22 | Create | Mameluke |
| 25:23 | Create | Mameluke |
| 25:38 | Create | Villager (Male) |
| 26:40 | Create | Mameluke |
| 26:40 | Create | Mameluke |
| 28:16 | Create | Mangonel |
| 28:45 | Research | Imperial Age |
| 29:17 | Create | Mameluke |
| 29:17 | Create | Mameluke |
| 29:24 | Create | Mameluke |
| 29:24 | Create | Mameluke |
| 30:11 | Build | House |
| 30:14 | Build | House |
| 30:15 | Build | House |
| 31:55 | Age | Imperial Age |
| 32:09 | Create | Mameluke |
| 32:10 | Create | Mameluke |
| 32:14 | Create | Trebuchet (Packed) |
| 32:16 | Create | Trebuchet (Packed) |
| 32:22 | Create | Trebuchet (Packed) |
| 32:42 | Build | Castle |
| 33:00 | Build | Farm |
| 33:00 | Build | Farm |
| 33:01 | Build | Farm |
| 33:01 | Build | Farm |
| 33:01 | Build | Farm |
| 33:01 | Build | Farm |
| 33:02 | Build | Farm |
| 33:02 | Build | Farm |
| 33:04 | Build | Farm |
| 33:05 | Build | Farm |
| 33:06 | Build | Farm |
| 33:06 | Build | Farm |
| 33:31 | Research | Elite Mameluke (upgrade) |
| 34:52 | Build | Barracks |
| 35:07 | Create | Mameluke |
| 35:07 | Create | Mameluke |
| 35:08 | Create | Mameluke |
| 35:08 | Create | Mameluke |
| 35:12 | Create | Mameluke |
| 35:12 | Create | Mameluke |
| 35:12 | Create | Mameluke |
| 35:34 | Build | Stable |
| 35:55 | Create | Mameluke |
| 35:55 | Create | Mameluke |
| 35:55 | Create | Mameluke |
| 35:56 | Create | Mameluke |
Build order — Jodonell
First 150 of 319 actions detected
| 0:01 | Create | Villager (Male) |
| 0:01 | Create | Villager (Male) |
| 0:03 | Build | House |
| 0:04 | Build | House |
| 0:42 | Create | Villager (Male) |
| 1:01 | Build | Mill |
| 1:05 | Create | Villager (Male) |
| 1:41 | Create | Villager (Male) |
| 2:12 | Create | Villager (Male) |
| 2:36 | Create | Villager (Male) |
| 3:15 | Create | Villager (Male) |
| 3:54 | Create | Villager (Male) |
| 4:27 | Build | House |
| 4:37 | Create | Villager (Male) |
| 4:38 | Create | Villager (Male) |
| 4:40 | Create | Villager (Male) |
| 6:05 | Create | Villager (Male) |
| 6:27 | Create | Villager (Male) |
| 6:33 | Build | House |
| 6:41 | Build | House |
| 6:47 | Build | House |
| 6:50 | Create | Villager (Male) |
| 7:20 | Create | Villager (Male) |
| 7:47 | Create | Villager (Male) |
| 7:53 | Build | Mining Camp |
| 8:08 | Create | Villager (Male) |
| 8:19 | Build | Lumber Camp |
| 8:33 | Create | Villager (Male) |
| 8:54 | Create | Villager (Male) |
| 9:05 | Build | Farm |
| 9:25 | Create | Villager (Male) |
| 9:29 | Build | Farm |
| 9:54 | Create | Villager (Male) |
| 10:02 | Build | Farm |
| 10:09 | Research | Feudal Age |
| 11:20 | Build | Mill |
| 11:42 | Create | Villager (Male) |
| 11:42 | Create | Villager (Male) |
| 11:43 | Create | Villager (Male) |
| 12:29 | Age | Feudal Age |
| 12:35 | Build | Blacksmith |
| 12:39 | Build | Market |
| 12:42 | Create | Villager (Male) |
| 12:57 | Build | Farm |
| 13:18 | Build | Farm |
| 13:24 | Build | Farm |
| 13:47 | Build | Farm |
| 14:08 | Create | Villager (Male) |
| 14:17 | Build | Mining Camp |
| 14:40 | Build | Farm |
| 14:45 | Build | Farm |
| 14:48 | Research | Castle Age |
| 14:56 | Build | House |
| 14:57 | Build | House |
| 14:59 | Build | House |
| 15:03 | Build | House |
| 15:11 | Research | Double-Bit Axe |
| 15:31 | Build | Farm |
| 15:34 | Build | Farm |
| 15:40 | Build | Farm |
| 16:10 | Research | Gold Mining |
| 17:28 | Age | Castle Age |
| 17:35 | Build | Town Center |
| 17:39 | Create | Villager (Male) |
| 17:39 | Create | Villager (Male) |
| 18:06 | Research | Bow Saw |
| 18:10 | Research | Gold Shaft Mining |
| 18:21 | Create | Villager (Male) |
| 18:23 | Build | Farm |
| 18:38 | Create | Villager (Male) |
| 18:38 | Create | Villager (Male) |
| 18:40 | Create | Villager (Male) |
| 18:54 | Build | Monastery |
| 19:06 | Build | Farm |
| 19:13 | Build | Farm |
| 19:18 | Create | Villager (Male) |
| 19:18 | Create | Villager (Male) |
| 19:20 | Create | Villager (Male) |
| 19:22 | Create | Villager (Male) |
| 19:24 | Create | Villager (Male) |
| 20:02 | Build | Farm |
| 20:04 | Create | Monk |
| 20:08 | Build | Farm |
| 20:16 | Create | Villager (Male) |
| 20:17 | Create | Villager (Male) |
| 20:18 | Create | Villager (Male) |
| 20:19 | Create | Villager (Male) |
| 20:34 | Build | Farm |
| 20:56 | Build | Farm |
| 21:24 | Build | Farm |
| 21:25 | Create | Villager (Male) |
| 21:26 | Create | Villager (Male) |
| 21:28 | Create | Villager (Male) |
| 21:29 | Create | Villager (Male) |
| 22:01 | Create | Villager (Male) |
| 22:01 | Create | Villager (Male) |
| 22:11 | Build | Farm |
| 22:27 | Create | Villager (Male) |
| 22:27 | Create | Villager (Male) |
| 22:45 | Build | Barracks |
| 23:10 | Build | University |
| 23:14 | Build | Farm |
| 23:16 | Create | Villager (Male) |
| 23:18 | Research | Wheelbarrow |
| 23:20 | Create | Villager (Male) |
| 23:21 | Create | Villager (Male) |
| 23:22 | Create | Villager (Male) |
| 23:30 | Build | Mining Camp |
| 23:40 | Build | Stable |
| 23:42 | Build | Stable |
| 23:44 | Create | Villager (Male) |
| 23:47 | Create | Villager (Male) |
| 23:56 | Build | House |
| 23:57 | Build | House |
| 23:59 | Build | House |
| 24:00 | Build | House |
| 24:01 | Build | House |
| 24:04 | Build | House |
| 24:05 | Build | House |
| 24:07 | Build | House |
| 24:09 | Create | Villager (Male) |
| 24:11 | Create | Villager (Male) |
| 24:11 | Create | Villager (Male) |
| 24:22 | Research | Stone Mining |
| 25:05 | Create | Knight |
| 25:06 | Create | Knight |
| 25:06 | Create | Knight |
| 25:06 | Create | Knight |
| 25:06 | Create | Knight |
| 25:07 | Create | Knight |
| 25:15 | Build | Farm |
| 25:22 | Create | Villager (Male) |
| 25:23 | Create | Villager (Male) |
| 25:32 | Build | Stable |
| 25:36 | Research | Husbandry |
| 25:37 | Create | Knight |
| 25:37 | Create | Knight |
| 25:38 | Create | Knight |
| 25:44 | Build | Farm |
| 25:46 | Create | Villager (Male) |
| 25:49 | Create | Villager (Male) |
| 25:51 | Create | Villager (Male) |
| 25:54 | Create | Villager (Male) |
| 26:02 | Research | Forging |
| 26:02 | Research | Scale Mail Armor |
| 26:04 | Research | Scale Barding Armor |
| 26:07 | Build | Farm |
| 26:20 | Build | Farm |
| 26:38 | Build | Farm |
| 26:40 | Build | Farm |
Build order — ll CrlTlCaL II
First 150 of 465 actions detected
| 0:03 | Create | Villager (Male) ×4 |
| 0:03 | Create | Villager (Male) |
| 0:06 | Build | House |
| 0:42 | Build | House |
| 0:44 | Build | House |
| 0:52 | Build | House |
| 1:38 | Create | Villager (Male) |
| 2:05 | Create | Villager (Male) |
| 2:50 | Create | Villager (Male) |
| 3:16 | Create | Villager (Male) |
| 3:40 | Create | Villager (Male) |
| 4:07 | Create | Villager (Male) |
| 4:29 | Create | Villager (Male) |
| 4:33 | Create | Villager (Male) |
| 4:52 | Create | Villager (Male) |
| 5:18 | Create | Villager (Male) |
| 5:38 | Create | Villager (Male) |
| 6:11 | Build | Mill |
| 6:16 | Create | Villager (Male) |
| 6:47 | Create | Villager (Male) ×5 |
| 6:48 | Create | Villager (Male) |
| 8:06 | Build | House |
| 8:15 | Build | House |
| 8:27 | Build | Barracks |
| 9:06 | Build | Mining Camp |
| 9:12 | Research | Loom |
| 9:14 | Create | Villager (Male) ×5 |
| 9:47 | Research | Feudal Age |
| 9:59 | Build | Lumber Camp |
| 10:22 | Build | House |
| 10:25 | Build | House |
| 10:27 | Build | House |
| 11:38 | Create | Villager (Male) |
| 11:38 | Create | Villager (Male) |
| 12:17 | Research | Double-Bit Axe |
| 12:21 | Research | Horse Collar |
| 12:51 | Build | Stone Wall |
| 13:00 | Build | Gate |
| 13:19 | Research | Wheelbarrow |
| 13:37 | Build | Blacksmith |
| 13:44 | Build | Market |
| 14:17 | Build | Farm |
| 14:17 | Build | Farm |
| 14:17 | Build | Farm |
| 14:17 | Build | Farm |
| 14:17 | Build | Farm |
| 14:17 | Build | Farm |
| 14:17 | Build | Farm |
| 14:17 | Build | Farm |
| 14:17 | Build | Farm |
| 14:17 | Build | Farm |
| 14:17 | Build | Farm |
| 14:17 | Build | Farm |
| 14:17 | Build | Farm |
| 14:17 | Build | Farm |
| 14:17 | Build | Farm |
| 14:17 | Build | Farm |
| 14:17 | Build | Farm |
| 14:17 | Build | Farm |
| 14:17 | Build | Farm |
| 14:17 | Build | Farm |
| 14:17 | Build | Farm |
| 14:17 | Build | Farm |
| 14:18 | Build | Farm |
| 14:18 | Build | Farm |
| 14:18 | Build | Farm |
| 14:18 | Build | Farm |
| 14:18 | Build | Farm |
| 14:18 | Build | Farm |
| 14:18 | Build | Farm |
| 14:18 | Build | Farm |
| 14:18 | Build | Farm |
| 14:18 | Build | Farm |
| 14:18 | Build | Farm |
| 14:18 | Build | Farm |
| 14:18 | Build | Farm |
| 14:18 | Build | Farm |
| 14:18 | Build | Farm |
| 14:18 | Build | Farm |
| 14:18 | Build | Farm |
| 14:18 | Build | Farm |
| 14:18 | Build | Farm |
| 14:18 | Build | Farm |
| 14:18 | Build | Farm |
| 14:18 | Build | Farm |
| 14:18 | Build | Farm |
| 14:18 | Build | Farm |
| 14:18 | Build | Farm |
| 14:18 | Build | Farm |
| 14:18 | Build | Farm |
| 14:18 | Build | Farm |
| 14:18 | Build | Farm |
| 14:18 | Build | Farm |
| 14:18 | Build | Farm |
| 14:18 | Build | Farm |
| 14:18 | Build | Farm |
| 14:18 | Build | Farm |
| 14:18 | Build | Farm |
| 14:18 | Build | Farm |
| 14:18 | Build | Farm |
| 14:38 | Create | Villager (Male) |
| 14:38 | Create | Villager (Male) |
| 14:38 | Build | Farm |
| 14:38 | Build | Farm |
| 14:38 | Build | Farm |
| 14:38 | Build | Farm |
| 14:38 | Build | Farm |
| 14:38 | Create | Villager (Male) |
| 14:38 | Build | Farm |
| 14:38 | Build | Farm |
| 14:38 | Build | Farm |
| 14:38 | Build | Farm |
| 14:38 | Build | Farm |
| 14:38 | Build | Farm |
| 14:38 | Build | Farm |
| 14:38 | Build | Farm |
| 14:38 | Build | Farm |
| 14:58 | Build | Farm |
| 14:58 | Build | Farm |
| 14:58 | Build | Farm |
| 14:58 | Build | Farm |
| 14:58 | Build | Farm |
| 14:58 | Build | Farm |
| 14:58 | Build | Farm |
| 14:58 | Build | Farm |
| 14:58 | Build | Farm |
| 14:58 | Build | Farm |
| 14:58 | Build | Farm |
| 14:58 | Build | Farm |
| 14:58 | Build | Farm |
| 15:03 | Build | Farm |
| 15:03 | Build | Farm |
| 15:03 | Build | Farm |
| 15:03 | Build | Farm |
| 15:03 | Build | Farm |
| 15:20 | Create | Villager (Male) |
| 15:28 | Build | Farm |
| 15:28 | Build | Farm |
| 15:28 | Build | Farm |
| 15:28 | Build | Farm |
| 15:28 | Build | Farm |
| 15:39 | Create | Villager (Male) |
| 15:51 | Create | Villager (Male) |
| 15:53 | Build | Farm |
| 15:53 | Build | Farm |
| 15:53 | Build | Farm |
| 15:53 | Build | Farm |
| 15:53 | Build | Farm |
| 16:25 | Create | Villager (Male) |
| 16:31 | Research | Fletching |
Build order — QWE
First 150 of 247 actions detected
| 0:16 | Build | House |
| 0:17 | Build | House |
| 0:18 | Build | House |
| 0:19 | Build | House |
| 0:23 | Create | Villager (Male) |
| 0:24 | Research | Loom |
| 0:24 | Create | Villager (Male) |
| 0:24 | Create | Villager (Male) |
| 0:24 | Create | Villager (Male) |
| 0:25 | Create | Villager (Male) |
| 1:38 | Create | Villager (Male) |
| 1:38 | Create | Villager (Male) |
| 2:10 | Build | House |
| 2:11 | Build | House |
| 2:40 | Create | Villager (Male) |
| 2:40 | Create | Villager (Male) |
| 2:41 | Create | Villager (Male) |
| 3:16 | Create | Villager (Male) |
| 3:17 | Create | Villager (Male) |
| 3:17 | Create | Villager (Male) |
| 3:58 | Create | Villager (Male) |
| 3:59 | Create | Villager (Male) |
| 3:59 | Create | Villager (Male) |
| 4:14 | Create | Villager (Male) |
| 4:15 | Create | Villager (Male) |
| 5:27 | Create | Villager (Male) |
| 5:28 | Create | Villager (Male) |
| 5:28 | Create | Villager (Male) |
| 5:29 | Create | Villager (Male) |
| 5:29 | Create | Villager (Male) |
| 5:29 | Create | Villager (Male) |
| 6:08 | Create | Villager (Male) |
| 6:08 | Create | Villager (Male) |
| 6:35 | Build | Mill |
| 7:23 | Create | Villager (Male) |
| 7:23 | Create | Villager (Male) |
| 7:23 | Create | Villager (Male) |
| 7:25 | Create | Villager (Male) |
| 7:25 | Create | Villager (Male) |
| 8:46 | Build | Lumber Camp |
| 8:51 | Create | Villager (Male) |
| 8:51 | Create | Villager (Male) |
| 8:51 | Create | Villager (Male) |
| 8:59 | Create | Villager (Male) |
| 8:59 | Create | Villager (Male) |
| 9:21 | Create | Villager (Male) |
| 9:21 | Create | Villager (Male) |
| 9:22 | Create | Villager (Male) |
| 12:03 | Build | Mining Camp |
| 12:59 | Create | Villager (Male) |
| 13:03 | Build | Mining Camp |
| 13:08 | Research | Feudal Age |
| 13:28 | Build | Farm |
| 13:28 | Build | Farm |
| 13:28 | Build | Farm |
| 13:28 | Build | Farm |
| 13:29 | Build | Farm |
| 13:29 | Build | Farm |
| 13:29 | Build | Farm |
| 13:31 | Build | Farm |
| 13:33 | Build | Farm |
| 14:06 | Build | House |
| 14:19 | Build | House |
| 15:34 | Age | Feudal Age |
| 15:41 | Build | Market |
| 15:45 | Build | Blacksmith |
| 15:50 | Build | Market |
| 15:58 | Create | Villager (Male) |
| 16:22 | Create | Villager (Male) |
| 16:48 | Create | Villager (Male) |
| 16:52 | Build | Farm |
| 17:17 | Build | Farm |
| 17:19 | Research | Castle Age |
| 19:19 | Research | Stone Mining |
| 19:21 | Research | Gold Mining |
| 19:59 | Age | Castle Age |
| 20:35 | Build | Castle |
| 21:43 | Build | University |
| 21:53 | Research | Wheelbarrow |
| 22:40 | Build | Castle |
| 23:04 | Research | Ballistics |
| 23:40 | Build | Farm |
| 23:40 | Build | Farm |
| 23:41 | Build | Farm |
| 23:41 | Build | Farm |
| 23:41 | Build | Farm |
| 23:41 | Build | Farm |
| 23:42 | Build | Farm |
| 24:32 | Build | Farm |
| 25:24 | Research | Double-Bit Axe |
| 25:28 | Build | Lumber Camp |
| 25:39 | Create | Villager (Male) |
| 26:13 | Build | Farm |
| 26:16 | Create | Villager (Male) |
| 26:27 | Build | Mill |
| 26:29 | Build | Farm |
| 26:29 | Build | Farm |
| 26:29 | Build | Farm |
| 26:31 | Build | Farm |
| 26:45 | Create | Villager (Male) |
| 27:02 | Build | Mill |
| 27:07 | Build | Farm |
| 27:14 | Create | Villager (Male) |
| 27:29 | Build | Farm |
| 27:40 | Build | Lumber Camp |
| 27:46 | Build | Farm |
| 28:07 | Research | Horse Collar |
| 28:36 | Create | Villager (Male) |
| 28:37 | Create | Villager (Male) |
| 28:49 | Build | Mill |
| 28:51 | Build | Farm |
| 28:54 | Build | Farm |
| 28:56 | Build | Farm |
| 29:09 | Build | Farm |
| 29:34 | Build | Farm |
| 29:44 | Research | Heavy Plow |
| 30:05 | Research | Hand Cart |
| 30:29 | Build | Farm |
| 31:21 | Create | Villager (Male) |
| 31:37 | Create | Villager (Male) |
| 32:36 | Create | Villager (Male) |
| 33:01 | Research | Imperial Age |
| 34:20 | Build | Town Center |
| 34:23 | Research | Bow Saw |
| 34:43 | Create | Villager (Male) |
| 34:52 | Create | Villager (Male) |
| 35:13 | Build | Town Center |
| 35:17 | Research | Town Watch |
| 35:18 | Create | Villager (Male) |
| 35:18 | Create | Villager (Male) |
| 35:19 | Create | Villager (Male) |
| 35:19 | Create | Villager (Male) |
| 35:30 | Build | Lumber Camp |
| 35:43 | Create | Villager (Male) |
| 36:11 | Age | Imperial Age |
| 36:29 | Research | Conscription |
| 36:32 | Research | Masonry |
| 36:34 | Create | Villager (Male) |
| 36:34 | Create | Villager (Male) |
| 36:35 | Create | Villager (Male) |
| 36:35 | Create | Villager (Male) |
| 36:35 | Create | Villager (Male) |
| 36:35 | Create | Villager (Male) |
| 36:36 | Create | Villager (Male) |
| 36:43 | Create | Villager (Male) |
| 36:44 | Create | Villager (Male) |
| 36:44 | Create | Villager (Male) |
| 36:54 | Build | Farm |
| 37:06 | Build | Farm |
| 37:06 | Build | Farm |
Build order — † lexs †
First 150 of 313 actions detected
| 0:01 | Create | Villager (Male) |
| 0:02 | Build | House |
| 0:04 | Build | House |
| 0:22 | Create | Villager (Male) |
| 0:22 | Create | Villager (Male) |
| 0:23 | Create | Villager (Male) |
| 1:30 | Create | Villager (Male) |
| 1:59 | Build | Lumber Camp |
| 2:02 | Create | Villager (Male) |
| 2:19 | Create | Villager (Male) |
| 2:51 | Create | Villager (Male) |
| 2:51 | Create | Villager (Male) |
| 3:16 | Build | House |
| 3:19 | Create | Villager (Male) |
| 4:06 | Create | Villager (Male) |
| 4:06 | Create | Villager (Male) |
| 4:11 | Build | Mill |
| 4:32 | Create | Villager (Male) |
| 4:49 | Create | Villager (Male) |
| 4:49 | Create | Villager (Male) |
| 5:09 | Create | Villager (Male) |
| 5:09 | Create | Villager (Male) |
| 5:52 | Create | Villager (Male) |
| 5:52 | Create | Villager (Male) |
| 5:52 | Create | Villager (Male) |
| 6:08 | Build | House |
| 6:23 | Build | Mill |
| 6:53 | Create | Villager (Male) |
| 6:53 | Create | Villager (Male) |
| 6:54 | Create | Villager (Male) |
| 6:54 | Create | Villager (Male) |
| 7:11 | Create | Villager (Male) |
| 7:24 | Build | Farm |
| 8:00 | Build | Farm |
| 8:45 | Build | Mining Camp |
| 9:07 | Research | Feudal Age |
| 9:56 | Build | House |
| 10:28 | Create | Villager (Male) |
| 10:29 | Create | Villager (Male) |
| 11:17 | Age | Feudal Age |
| 11:21 | Build | Blacksmith |
| 11:34 | Build | Market |
| 11:49 | Build | Mining Camp |
| 13:00 | Research | Castle Age |
| 15:14 | Create | Villager (Male) |
| 15:14 | Create | Villager (Male) |
| 15:40 | Age | Castle Age |
| 15:49 | Build | Castle |
| 15:58 | Build | Castle |
| 16:27 | Create | Villager (Male) |
| 16:44 | Build | Mining Camp |
| 16:46 | Create | Villager (Male) |
| 16:49 | Research | Double-Bit Axe |
| 16:53 | Build | Farm |
| 17:22 | Create | War Wagon |
| 17:23 | Create | War Wagon |
| 17:36 | Build | Farm |
| 17:42 | Build | Farm |
| 18:31 | Create | Villager (Male) |
| 18:31 | Create | Villager (Male) |
| 18:34 | Create | War Wagon |
| 18:34 | Create | War Wagon |
| 18:44 | Build | Farm |
| 18:44 | Build | Farm |
| 19:13 | Build | Castle |
| 19:28 | Create | Villager (Male) |
| 19:29 | Create | War Wagon |
| 19:54 | Create | Villager (Male) |
| 19:54 | Create | Villager (Male) |
| 20:18 | Build | Farm |
| 20:18 | Build | Farm |
| 20:19 | Build | Farm |
| 20:50 | Create | Villager (Male) |
| 20:50 | Create | Villager (Male) |
| 21:17 | Create | Villager (Male) |
| 21:21 | Create | Villager (Male) |
| 21:21 | Create | Villager (Male) |
| 21:58 | Build | Siege Workshop |
| 22:02 | Create | Villager (Male) |
| 22:09 | Create | Villager (Male) |
| 22:37 | Build | Castle |
| 22:46 | Create | Villager (Male) |
| 22:47 | Create | Villager (Male) |
| 23:08 | Build | Mining Camp |
| 23:10 | Create | Villager (Male) |
| 23:10 | Create | Villager (Male) |
| 23:13 | Build | Farm |
| 23:14 | Build | Farm |
| 23:14 | Build | Farm |
| 23:14 | Build | Farm |
| 23:49 | Create | Villager (Male) |
| 24:12 | Build | Town Center |
| 24:27 | Create | Villager (Male) |
| 24:27 | Create | Villager (Male) |
| 24:38 | Create | Villager (Male) |
| 24:38 | Create | Villager (Male) |
| 24:53 | Build | Town Center |
| 25:09 | Research | Horse Collar |
| 25:24 | Create | Villager (Male) |
| 25:24 | Create | Villager (Male) |
| 26:02 | Create | Villager (Male) |
| 26:02 | Create | Villager (Male) |
| 26:03 | Create | Villager (Male) |
| 26:12 | Build | Farm |
| 26:12 | Build | Farm |
| 26:13 | Build | Farm |
| 26:13 | Build | Farm |
| 26:13 | Build | Farm |
| 26:14 | Build | Farm |
| 26:28 | Create | Villager (Male) |
| 26:28 | Create | Villager (Male) |
| 26:45 | Build | Farm |
| 26:46 | Create | Villager (Male) |
| 27:03 | Create | Villager (Male) |
| 27:03 | Create | Villager (Male) |
| 27:10 | Build | Farm |
| 27:13 | Build | Farm |
| 27:26 | Create | Villager (Male) |
| 27:26 | Create | Villager (Male) |
| 27:26 | Create | Villager (Male) |
| 27:33 | Build | Farm |
| 27:33 | Build | Farm |
| 27:35 | Create | Villager (Male) |
| 27:49 | Create | Villager (Male) |
| 27:50 | Create | Villager (Male) |
| 27:56 | Build | Farm |
| 27:57 | Build | Farm |
| 27:57 | Build | Farm |
| 27:57 | Build | Farm |
| 27:57 | Build | Farm |
| 27:58 | Build | Farm |
| 27:58 | Build | Farm |
| 27:58 | Build | Farm |
| 27:59 | Build | Farm |
| 28:02 | Create | Villager (Male) |
| 28:03 | Create | Villager (Male) |
| 28:10 | Create | Villager (Male) |
| 28:11 | Create | Villager (Male) |
| 28:20 | Create | Villager (Male) |
| 28:42 | Create | Villager (Male) |
| 28:42 | Create | Villager (Male) |
| 29:01 | Create | Villager (Male) |
| 29:02 | Create | Villager (Male) |
| 29:02 | Create | Villager (Male) |
| 29:02 | Create | Villager (Male) |
| 29:03 | Create | Villager (Male) |
| 29:09 | Build | Farm |
| 29:09 | Build | Farm |
| 29:09 | Build | Farm |
| 29:10 | Build | Farm |
Match timeline
| 8:27 | ll CrlTlCaL II · first_building Barracks |
| 9:57 | 吼哩嘎在 · age_up feudal |
| 11:17 | † lexs † · age_up feudal |
| 12:29 | Jodonell · age_up feudal |
| 12:51 | ll CrlTlCaL II · wall_segment Stone Wall x28 |
| 12:51 | † lexs † · first_market_sell 100 wood |
| 12:58 | † lexs † · first_market_buy 100 food |
| 13:05 | Wall Stoned · age_up feudal |
| 13:10 | lajamba · age_up feudal |
| 13:13 | 吼哩嘎在 · first_market_buy 100 food |
| 15:34 | QWE · age_up feudal |
| 15:40 | † lexs † · age_up castle |
| 15:49 | † lexs † · first_building Castle |
| 16:40 | lajamba · age_up castle |
| 16:43 | Wall Stoned · age_up castle |
| 16:46 | Wall Stoned · first_building Siege Workshop |
| 16:50 | Wall Stoned · first_building Monastery |
| 17:28 | Jodonell · age_up castle |
| 17:42 | lajamba · first_market_sell 100 food |
| 17:43 | lajamba · first_market_buy 100 wood |
| 17:49 | 吼哩嘎在 · age_up castle |
| 17:59 | ll CrlTlCaL II · first_market_sell 100 wood |
| 18:01 | ll CrlTlCaL II · first_market_buy 100 food |
| 18:24 | Wall Stoned · first_market_buy 100 wood |
| 18:29 | ColonelPacha · first_building Barracks |
| 18:54 | Jodonell · first_building Monastery |
| 19:00 | Wall Stoned · first_building Barracks |
| 19:15 | 吼哩嘎在 · first_building Castle |
| 19:29 | ColonelPacha · first_building Archery Range |
| 19:59 | QWE · age_up castle |
| 20:02 | Wall Stoned · first_building Archery Range |
| 20:35 | ll CrlTlCaL II · first_building Stable |
| 20:35 | QWE · first_building Castle |
| 20:46 | Wall Stoned · age_up imperial |
| 21:01 | lajamba · first_building Barracks |
| 21:05 | lajamba · first_building Stable |
| 21:15 | 吼哩嘎在 · first_building Monastery |
| 21:27 | 吼哩嘎在 · first_market_sell 100 wood |
| 21:32 | ll CrlTlCaL II · first_building Krepost |
| 21:58 | † lexs † · first_building Siege Workshop |
| 21:59 | 吼哩嘎在 · first_building Siege Workshop |
| 22:40 | lajamba · first_building Castle |
| 22:45 | Jodonell · first_building Barracks |
| 23:21 | ColonelPacha · first_building Monastery |
| 23:40 | Jodonell · first_building Stable |
| 24:06 | ColonelPacha · first_building Siege Workshop |
| 24:31 | ColonelPacha · first_building Castle |
| 30:59 | Jodonell · first_building Castle |
| 31:55 | 吼哩嘎在 · age_up imperial |
| 32:14 | lajamba · age_up imperial |
| 33:05 | Jodonell · age_up imperial |
| 33:30 | Wall Stoned · first_building Stable |
| 34:52 | 吼哩嘎在 · first_building Barracks |
| 35:22 | lajamba · first_building Siege Workshop |
| 35:34 | 吼哩嘎在 · first_building Stable |
| 36:11 | QWE · age_up imperial |
| 37:37 | † lexs † · age_up imperial |
| 39:19 | ll CrlTlCaL II · resign |
| 41:48 | ColonelPacha · first_market_buy 100 food |
[ AI ANALYSIS · 1 CREDIT ]
What really happened in this match?
Wolo.gg analyzes every decision: build order, eco, micro, common mistakes by bracket. Personalized analysis on WhatsApp or Discord in 30 seconds.
Civ guide
Khmer
Perfil
Jugador #18827859